 Dungeon Crawl Stone Soup version 0.30-a0-719-gcc4359ea44 (webtiles) character file.

Game seed: 9945418404971522691

1 porpoise the Sneak (level 1, -7/18 HPs)
             Began as a Demonspawn Delver on Jan 27, 2023.
             Killed from afar by an orc wizard (8 damage)
             ... with a magic dart
             ... on level 4 of the Dungeon.
             The game lasted 00:00:57 (87 turns).

porpoise the Sneak (Demonspawn Delver)                Turns: 87, Time: 00:00:58

Health: -7/18      AC:  3    Str: 12    XL:     1   Next: 16%
Magic:  1/1        EV: 11    Int: 11    God:
Gold:   0          SH:  0    Dex: 14    Spells: 0/0 levels left

rFire   . . .      SeeInvis .    a - +0 short sword
rCold   . . .      Faith    .    (no shield)
rNeg    . . .      Spirit   .    b - +0 leather armour
rPois   .          Reflect  .    (no helmet)
rElec   .          Harm     .    (no cloak)
rCorr   .          Rampage  .    (no gloves)
Will    .....                    (no boots)
Stlth   ++                       (no amulet)
HPRegen 0.23/turn                (no ring)
MPRegen 0.07/turn                (no ring)

@: no status effects
A: no striking features
a: no special abilities


You were on level 4 of the Dungeon.
You visited 1 branch of the dungeon, and saw 2 of its levels.

Inventory:

Hand Weapons
 a - a +0 short sword (weapon)
Armour
 b - a +0 leather armour (worn)
Wands
 g - a wand of digging (3)
Scrolls
 c - a scroll of fog
 d - a scroll of magic mapping
 e - a scroll of fear
Potions
 f - a potion of haste


   Skills:
 + Level 3.0 Fighting
 * Level 1.8 Short Blades
 - Level 1.7 Dodging
 + Level 4.5 Stealth


You couldn't memorise any spells.
You didn't know any spells.
Your spell library was empty.

Dungeon Overview and Level Annotations

Branches:
Dungeon (5/15)
 Temple: D:4-7

Altars:


Message History

There is a stone staircase leading down here.
A hound comes into view.
There is a shaft here.
An orc comes into view. It is wielding a +0 club.
A ball python comes into view.
An orc priest comes into view. It is wielding a +0 short sword.
The orc priest hits the bush but does no damage.
An orc and a hound come into view.
The orc priest hits the bush but does no damage.
The orc shouts!
You hear a shout!
You hear an angry hiss.
The orc priest hits something with a +0 short sword.
An orc wizard comes into view. It is wielding a +0 dagger.
The ball python hisses angrily.
The ball python attacks as you move away!
The ball python closely misses you. The ball python misses you.
You barely miss the ball python. The ball python barely misses you.
The ball python grabs you. The ball python constricts you.
You closely miss the ball python. The ball python bites you.
The ball python constricts you.
You hit the ball python.
The ball python is severely wounded.
The ball python bites you. The ball python constricts you.
You hit the ball python.
You kill the ball python!
You completely miss the orc. The orc hits you with a +0 club.
You closely miss the orc. The orc hits you with a +0 club.
You barely miss the orc. You closely miss the orc wizard.
You closely miss the orc wizard.
The orc wizard hits you with a +0 dagger.
You barely miss the orc wizard.
The orc wizard points at you and mumbles some strange words.
The puff of flame hits you.
* * * LOW HITPOINT WARNING * * *
You closely miss the orc wizard. You barely miss the orc wizard.
The orc wizard gestures at you while chanting.
The magic dart hits you!
You die...

#..# #.##
#.# #.# #.#
P P ###.#
#P.. #...#
.P.P
#.#........
.P..
#@#########


.PPP #o############.P.. #o##.o.....o...PP #.##.#########.... #..........# .PPP
####.#####.# oPo. #.# #.# .PPP #.# #.# .. #.. S.. ..h You could see an orc
wizard and an orc.

Vanquished Creatures
  A ball python (D:4)
1 creature vanquished.

Notes
Turn   | Place    | Note
-------+----------+-------------------------------------------
     0 | D:5      | porpoise the Demonspawn Delver began the quest for the Orb.
     0 | D:5      | Reached XP level 1. HP: 18/18 MP: 1/1
    12 | D:4      | Noticed a hound
    59 | D:4      | Noticed an orc priest
    60 | D:4      | Noticed a hound
    61 | D:4      | Noticed an orc wizard
    87 | D:4      | Killed from afar by an orc wizard

Illustrated notes

Levels and vault maps discovered:
D:4:      layout_loops_ring, mainiacjoe_overflow_paths, minmay_hedge_maze
D:5:      layout_basic, minmay_temple_entry_waves

Action                     || total
---------------------------++-------
  Melee: Short sword       ||    12
  Dodge: Dodged            ||     3

Table legend: (Time is in decaauts)
 A = Elapsed time spent in this place.
 B = Non-inter-level travel time spent in this place.
 C = Inter-level travel time spent in this place.
 D = Time resting spent in this place.
 E = Time spent auto-exploring this place.
 F = Levels seen in this place.
 G = Mean time per level.
                   A        B        C        D        E       F      G
               +--------+--------+--------+--------+--------+-----+--------+
         Total |     85 |     85 |      0 |      0 |      4 |   2 |   42.5 |
       Dungeon |     85 |     85 |      0 |      0 |      4 |   2 |   42.5 |
               +--------+--------+--------+--------+--------+-----+--------+

Top non-repeatable levels by time:
     D:4: 78 daAuts
     D:5: 7 daAuts
